 Dungeon Crawl Stone Soup version 0.31-a0-430-gf8416d752b (webtiles) character file.

Game seed: 4979740366675563400

1292 MacCMillion the Grappler (level 8, -1/106 HPs)
             Began as a Pale Draconian Shapeshifter on July 31, 2023.
             Slain by a yak (4 damage)
             ... on level 6 of the Dungeon.
             The game lasted 00:08:13 (4879 turns).

MacCMillion the Grappler (DrSh)                     Turns: 4879, Time: 00:08:13

Health: -1/106     AC: 24    Str: 19    XL:     8   Next: 30%
Magic:  8/8        EV:  2    Int:  8    God:
Gold:   240        SH:  0    Dex: 13    Spells: 7/7 levels left

rFire   . .          .
                       - Unarmed
rCold   . . .        (no shield)
rNeg    . . .        (body armour unavailable)
rPois   +            (helmet currently unavailable)
rElec   .            (cloak currently unavailable)
rCorr   .            (gloves currently unavailable)
SInv    .            (boots currently unavailable)
Will    .....        (no amulet)
Stlth   +            (no ring)
HPRegen 0.37/turn    (no ring)
MPRegen 0.11/turn

%: no passive effects
@: tree-form
A: stationary, stasis, torment immunity, boosted hp, (breathe steam), AC +6,
unfitting armour, (cold-blooded), (steam resistance)
a: no special abilities


You were on level 6 of the Dungeon.
You were a tree.
You visited 1 branch of the dungeon, and saw 6 of its levels.

You collected 240 gold pieces.

Inventory:

Missiles
 m - 9 poisoned darts
Jewellery
 g - a ring of magical power
Talismans
 b - a beast talisman
Scrolls
 c - a scroll of amnesia {unknown}
 e - 5 scrolls of identify {unknown}
 f - a scroll of poison {unknown}
 i - a scroll of fear {unknown}
 k - a scroll of brand weapon
 l - a scroll of fog {unknown}
 n - 3 scrolls of teleportation {unknown}
 o - a scroll of blinking {unknown}
 p - a scroll of enchant armour {unknown}
 q - 2 scrolls of vulnerability {unknown}
 t - a scroll of noise {unknown}
 u - a scroll of immolation {unknown}
 v - a scroll of acquirement {unknown}
Potions
 d - a potion of berserk rage {unknown}
 h - 3 potions of curing {unknown}
 j - 2 potions of enlightenment {unknown}
 r - a potion of attraction {unknown}
 s - a potion of degeneration {unknown}


   Skills:
 + Level 6.4 Fighting
 + Level 2.5 Dodging
 + Level 8.2 Unarmed Combat
 + Level 3.4 Shapeshifting


You had 7 spell levels left.
You didn't know any spells.
Your spell library contained the following spells:

 Spells                   Type           Power      Damage    Failure   Level
 Ozocubu's Armour         Ice            0%         N/A       78%         3
 Summon Guardian Golem    Hex/Summ       0%         N/A       78%         3
 Orb of Destruction       Conj           0%         9d5       100%        7
 Ozocubu's Refrigeration  Ice            0%         4d7       100%        7
 Spellforged Servitor     Conj/Summ      0%         N/A       100%        7


Dungeon Overview and Level Annotations

Branches:
Dungeon (6/15)
 Temple: D:4-7

Altars:

Shops:
D:2 =   D:6 (

Annotations:
D:2 Sigmund


Innate Abilities, Weirdness & Mutations

You are a tree.
Your roots penetrate the ground, keeping you stationary.
You cannot be teleported.
You are immune to unholy pain and torment.
Your maximum health is greatly increased.
Your equipment is partially melded.
((You can breathe blasts of scalding, opaque steam.))
((Your pale cyan-grey scales are hard. (AC +6)))
You cannot fit into any form of body armour.
((You are cold-blooded and may be slowed by cold attacks.))
((You are immune to the effects of steam.))


Message History

You hit the yak.
The yak is lightly wounded.
The yak gores you! The yak gores you. x2
The yak attacks as you move away! The yak gores you.
The yak attacks as you move away! The yak barely misses you.
You punch the yak!
The yak is moderately wounded.
You hit the yak. You tail-slap the yak.
The yak is heavily wounded.
The yak gores you!
You punch the yak!
The yak is severely wounded.
The yak gores you but does no damage.
You hit the yak.
The yak is almost dead.
The yak gores you!
You are too injured to fight recklessly!
You punch the yak!
You kill the yak!
The yak gores you!
* * * LOW HITPOINT WARNING * * *
Unknown command.
As you read the scroll labelled XUANIO PIAF, it crumbles to dust.
It is a scroll of brand weapon.
You aren't carrying any weapons that can be branded.
The yak gores you!
* * * LOW HITPOINT WARNING * * *
The yak gores you.
* * * LOW HITPOINT WARNING * * *
Okay, then.
Really quaff the potion of lignification?
Your transformation has ended.
You turn into a tree.
Your roots penetrate the ground.
The yak gores you.
* * * LOW HITPOINT WARNING * * *
The yak gores you.
* * * LOW HITPOINT WARNING * * *
You smack the yak!
The yak is moderately wounded.
The yak gores you.
You die...

.. ###.......# #.#.#.###
..).... #.#.....# ........#
#.#.#.#.# ........#
#.#.#<#.#
........############.###.#.#
........##.................#
.........#.Y........##...###
#.......#†Y♣.......#..###
#....$.....[.#######(##
#.....)####'#######..#
#......# #..#......##
#.....$# ##........#
#......# ###......# #......#
#......# #.⌠.⌠..#
#...>..###### #..∩.###
#......)....#


You could see 2 yaks.

Vanquished Creatures
  A yak (D:6)
  Menkaure (D:5)
  An ogre (D:5)
  A phantom (D:5)
  2 wyvern zombies (D:5)
  Blork the orc (D:6)
  2 scorpions (D:4)
  A water moccasin zombie (D:5)
  A hound (D:4)
  4 orc priests
  3 bullfrog zombies (D:5)
  A jelly (D:4)
  2 orc wizards
  8 adders
  2 white imps
  An ufetubus (D:4)
  5 worms
  9 orcs
  11 ball pythons
  3 bats
  8 endoplasms
  2 giant cockroaches
  A goblin (D:4)
  5 hobgoblins
  7 jackals
  3 quokkas
  2 frilled lizards
  3 kobolds
  5 rats
96 creatures vanquished.

Notes
Turn   | Place    | Note
-------+----------+-------------------------------------------
     0 | D:1      | MacCMillion the Draconian Shapeshifter began the quest for
                  | the Orb.
     0 | D:1      | Reached XP level 1. HP: 16/16 MP: 1/1
   162 | D:1      | Reached XP level 2. HP: 23/23 MP: 2/2
   825 | D:2      | Found Ikhlemo's Jewellery Boutique.
   825 | D:2      | Noticed Sigmund
  1138 | D:2      | Reached XP level 3. HP: 27/29 MP: 3/3
  1327 | D:3      | Reached skill level 4 in Unarmed Combat
  1585 | D:3      | Found a faded altar of an unknown god.
  1833 | D:3      | Reached XP level 4. HP: 33/37 MP: 4/4
  2401 | D:3      | Found a faded altar of an unknown god.
  2794 | D:4      | Reached skill level 5 in Unarmed Combat
  2794 | D:4      | Reached XP level 5. HP: 45/45 MP: 5/5
  3203 | D:4      | Reached XP level 6. HP: 50/52 MP: 6/6
  3244 | D:4      | Reached skill level 6 in Unarmed Combat
  3525 | D:5      | Entered Level 5 of the Dungeon
  3773 | D:5      | Your scales start taking on a pale cyan-grey colour.
  3773 | D:5      | Reached XP level 7. HP: 45/60 MP: 7/7
  3773 | D:5      | Gained mutation: You are immune to the effects of steam.
                  | [Pale Draconian growth]
  3904 | D:5      | Reached skill level 7 in Unarmed Combat
  3991 | D:5      | Reached skill level 5 in Fighting
  4435 | D:5      | Noticed Menkaure
  4448 | D:5      | Killed Menkaure
  4449 | D:5      | Reached skill level 8 in Unarmed Combat
  4449 | D:5      | Reached XP level 8. HP: 35/70 MP: 8/8
  4856 | D:6      | Found Teriruatyt's Antique Weapon Boutique.
  4856 | D:6      | Noticed Blork the orc
  4864 | D:6      | Killed Blork the orc
  4878 | D:6      | HP: 3/106 [yak (4)]
  4879 | D:6      | Slain by a yak

Illustrated notes

Levels and vault maps discovered:
D:1:      heliophobic_arrival_ceremonial_halls, layout_basic
D:2:      layout_basic, serial_shops, shop, uniq_sigmund,
          uniq_crazy_yiuf_cottage
D:3:      layout_basic, shapermc_ecumenical_altar_mp_ritualfount, serial_curves,
          eino_curves_03, eino_curves_04, nicolae_wormholes
D:4:      nicolae_cairo_tiling_large_dashed, layout_loops_ring,
          hangedman_decor_growths
D:5:      layout_basic, serial_undead, serial_undead_c, serial_undead_b,
          serial_undead_a, serial_undead_e, serial_undead_b, serial_undead_e,
          serial_undead_d, grunt_ministairs_11, hangedman_abyss_or_decor_stabs,
          uniq_menkaure
D:6:      layout_basic, chequers_temple_overflow_statue_of_worship,
          serial_shops, shop_fountains, uniq_grinder, uniq_blork_the_orc

Skill      XL: |  1  2  3  4  5  6  7  8 |
---------------+-------------------------+-----
Fighting       | 2 3 4 6 |  6.4
Unarmed Combat | 4 5 6 8 |  8.2
Dodging        | 2 |  2.5
Shapeshifting  | |  3.4

Action                     |  1- 3 |  4- 6 |  7- 9 || total
---------------------------+-------+-------+-------++-------
  Melee: Unarmed           |    95 |   106 |    61 ||   262
         Tailslap          |     9 |    17 |    14 ||    40
         Punch             |     1 |     4 |     6 ||    11
  Throw: Dart              |       |     2 |       ||     2
Ability: Breathe Steam     |       |       |     5 ||     5
    Use: Scroll            |       |       |     1 ||     1
         Potion            |       |       |     1 ||     1
   Stab: Sleeping          |     2 |     1 |       ||     3
 Armour: Skin              |    20 |    23 |     8 ||    51
  Dodge: Dodged            |    54 |    44 |    22 ||   120

Table legend: (Time is in decaauts)
 A = Elapsed time spent in this place.
 B = Non-inter-level travel time spent in this place.
 C = Inter-level travel time spent in this place.
 D = Time resting spent in this place.
 E = Time spent auto-exploring this place.
 F = Levels seen in this place.
 G = Mean time per level.
                   A        B        C        D        E       F      G
               +--------+--------+--------+--------+--------+-----+--------+
         Total |   4864 |   4737 |    127 |   1146 |   2753 |   6 |  810.7 |
       Dungeon |   4864 |   4737 |    127 |   1146 |   2753 |   6 |  810.7 |
               +--------+--------+--------+--------+--------+-----+--------+

Top non-repeatable levels by time:
     D:5: 1190 daAuts
     D:4: 1054 daAuts
     D:3: 1001 daAuts
     D:1: 867 daAuts
     D:2: 597 daAuts
     D:6: 153 daAuts
